 Dungeon Crawl Stone Soup version 0.20-a0-453-g91466d2 (webtiles) character file.

123 Kriby the Magician (level 4, -1/30 HPs)
             Began as a Mummy Fire Elementalist on Jan 8, 2017.
             Slain by an orc
             ... wielding a +0 club
              (3 damage)
             ... on level 2 of the Dungeon.
             The game lasted 00:02:46 (2691 turns).

Kriby the Magician (Mummy Fire Elementalist)        Turns: 2691, Time: 00:02:47

Health: -1/30      AC:  2    Str: 11    XL:     4   Next: 80%
Magic:  7/12       EV: 12    Int: 15    God:
Gold:   61         SH:  0    Dex: 12    Spells: 11/15 levels left

rFire  x . .     SeeInvis .     i - +2 dagger (venom)
rCold  + + .     Gourm    .     a - +0 robe
rNeg   + + +     Faith    .     (no shield)
rPois  ∞         Spirit   .     (no helmet)
rElec  .         Reflect  .     (no cloak)
rCorr  .         Harm     .     (no gloves)
MR     .....                    (no boots)
Stlth  ++........               (no amulet)
                                g - ring of wizardry
                                c - ring of protection from cold

@: no status effects
A: no food or potions, fire vulnerability, cold resistance 1, negative energy
resistance 3, torment resistance, unbreathing
a: no special abilities


You were on level 2 of the Dungeon.
You were not hungry.

You visited 1 branch of the dungeon, and saw 3 of its levels.

You collected 61 gold pieces.

Inventory:

Hand Weapons
 i - a +2 dagger of venom (weapon)
Armour
 a - a +0 robe (worn)
Jewellery
 c - a ring of protection from cold (left hand)
 e - an uncursed ring of resist corrosion
 g - a ring of wizardry (right hand)
Scrolls
 d - 2 scrolls of teleportation {unknown}
 f - 4 scrolls of identify {unknown}
 h - a scroll of enchant weapon {unknown}
 j - a scroll of blinking {unknown}
 k - a scroll of magic mapping {unknown}
Books
 b - a book of Flames

   Spells                             Type                      Level
   a - Flame Tongue                   Conjuration/Fire             1
   b - Throw Flame                    Conjuration/Fire             2
   c - Conjure Flame                  Conjuration/Fire             3
   d - Inner Flame                    Hexes/Fire                   3
   e - Sticky Flame                   Conjuration/Fire             4
   f - Fireball                       Conjuration/Fire             5


   Skills:
 - Level 1.5 Dodging
 - Level 1.5 Stealth
 + Level 6.2 Spellcasting
 - Level 0.7 Conjurations
 - Level 2.4 Fire Magic


You had 11 spell levels left.
You knew the following spells:

 Your Spells              Type           Power        Failure   Level  Hunger
a - Flame Tongue          Conj/Fire      #....        4%          1    N/A
b - Conjure Flame         Conj/Fire      #.......     10%         3    N/A

Dungeon Overview and Level Annotations

Branches:
Dungeon (3/15)

Altars:


Innate Abilities, Weirdness & Mutations

You do not eat or drink.
Your flesh is vulnerable to fire.
You are immune to poison.
Your flesh is cold resistant. (rC+)
You are immune to negative energy. (rN+++)
You are immune to unholy pain and torment.
You can survive without breathing.


Message History

Aiming: Flame Tongue
Press: ? - help, Shift-Dir - straight line, f - orc
Aim: an orc, wielding a club and wearing a leather armour The flame tongue hits the orc.
The orc is heavily wounded.
Casting: Flame Tongue
Confirm with . or Enter, or press ? or * to list all spells.
Aiming: Flame Tongue
Press: ? - help, Shift-Dir - straight line, f/p - orc
Aim: an orc, wielding a club and wearing a leather armour (heavily wounded)
The flame tongue hits the orc.
The orc is severely wounded.
The orc misses you.
Casting: Flame Tongue
Confirm with . or Enter, or press ? or * to list all spells.
Aiming: Flame Tongue
Press: ? - help, Shift-Dir - straight line, f/p - orc
Aim: an orc, wielding a club and wearing a leather armour (severely wounded)
The flame tongue misses the orc.
The orc hits you with a club.
You die...

#.....>.....#
######.###.#.###.#
#.............##.#
#.#.....#..#..##.###
#....(>............##
#....................
#.<....^####.###.#.##
#.#.o...####.# #.#.##
#...@........# #.#...
######.###########.####
#.......# #.....##.####
#.####..# #.....##.....
#.##....# #...).#######
#.##.##.# #.....# ##
#.##.##.# #.....# #.
#.......# ###.### #.
####.#### #.# #.


You could see an orc.

Vanquished Creatures
  4 adders (D:2)
  An ooze (D:1)
  3 worms (D:2)
  2 dart slugs (D:1)
  2 leopard geckos
  An orc (D:3)
  6 giant cockroaches
  4 goblins (D:2)
  3 hobgoblins
  12 jackals
  5 kobolds
  A quokka (D:2)
  10 bats
  5 frilled lizards
  3 rats (D:2)
62 creatures vanquished.

Notes
Turn   | Place    | Note
-------+----------+-------------------------------------------
     0 | D:1      | Kriby the Mummy Fire Elementalist began the quest for the Orb.
     0 | D:1      | Reached XP level 1. HP: 13/13 MP: 4/4
   109 | D:1      | Reached skill level 3 in Spellcasting
   249 | D:1      | Reached XP level 2. HP: 11/19 MP: 0/6
   551 | D:1      | Reached skill level 4 in Spellcasting
   795 | D:1      | Reached XP level 3. HP: 24/24 MP: 0/8
   800 | D:1      | Learned a level 3 spell: Conjure Flame
  1633 | D:2      | Reached skill level 5 in Spellcasting
  1773 | D:2      | Reached XP level 4. HP: 22/30 MP: 6/11
  2141 | D:2      | Reached skill level 6 in Spellcasting
  2683 | D:3      | HP: 1/30 [orc/club (3)]
  2691 | D:2      | Slain by an orc

Vault maps used:
D:1:      dpeg_arrival_shrine
D:3:      first_bread, kennysheep_generic_room_13

Skill      XL: |  1  2  3  4 |
---------------+-------------+-----
Spellcasting   | 3 4 5 6 |  6.2
Dodging        | |  1.5
Stealth        | |  1.5
Conjurations   | |  0.7
Fire Magic     | |  2.4

Action                   |  1- 3 |  4- 6 || total
-------------------------+-------+-------++-------
Melee: Hand axe          |    12 |       ||    12
       Dagger            |     2 |     1 ||     3
 Cast: Flame Tongue      |    85 |    49 ||   134
Armor: Robe              |    18 |     2 ||    20
Dodge: Dodged            |    60 |    10 ||    70
